 Dungeon Crawl Stone Soup version 0.28.0-56-g4927b6849a (webtiles) character file.

Game seed: 7220699451763880421

1147 hikkokomori the Digger (level 8, -5/64 HPs)
             Began as a Gargoyle Earth Elementalist on Jan 20, 2023.
             Was a Follower of Vehumet.
             Killed from afar by a gargoyle (9 damage)
             ... with a stone arrow
             ... on level 7 of the Dungeon on Jan 31, 2023.
             The game lasted 00:17:44 (8902 turns).

hikkokomori the Digger (GrEE)                       Turns: 8902, Time: 00:17:45

Health: -5/64      AC: 11    Str: 12    XL:     8   Next: 38%
Magic:  4/12       EV: 10    Int: 18    God:    Vehumet [*.....]
Gold:   275        SH:  5    Dex: 19    Spells: 4/12 levels left

rFire   . . .      SeeInvis .   y - +0 mace "Boce" {speed, Dex+3}
rCold   . . .      Faith    .   (no shield)
rNeg    + . .      Spirit   .   k - +0 ring mail
rPois   ∞          Reflect  +   (no helmet)
rElec   +          Harm     .   C - +0 cloak
rCorr   .          Rampage  .   (no gloves)
Will    .....                   (no boots)
Stlth   ..........              j - amulet of reflection
HPRegen 0.20/turn               z - +6 ring of dexterity
MPRegen 0.13/turn               (no ring)

@: berserking, quick
A: sickness immunity, AC +5, negative energy resistance 1, electricity
resistance, torment resistance 1, petrification resistance
a: Renounce Religion


You were on level 7 of the Dungeon.
You worshipped Vehumet.
Vehumet was aware of your devotion.
You visited 1 branch of the dungeon, and saw 7 of its levels.
You also visited: Sewer.

You collected 275 gold pieces.

Inventory:

Hand Weapons
 a - the +8 longbow "Luaciwn" {freeze, Str+5}
   (You acquired it on level 4 of the Dungeon)

   Any ammunition fired from it freezes those it strikes, dealing additional
   cold damage.
   It can also slow down cold-blooded creatures.
   Str:       It affects your strength (+5).
 l - a +1 dagger of flaming
 m - a +2 dagger of electrocution
 n - a +0 hand crossbow
 y - the +0 mace "Boce" (weapon) {speed, Dex+3}
   (You found it on level 5 of the Dungeon)

   Attacks with this weapon are significantly faster.
   Dex:       It affects your dexterity (+3).
 B - a +2 trident of distortion
Missiles
 c - 60 stones
 p - 30 bolts
Armour
 b - a +0 robe
 k - a +0 ring mail (worn)
 C - a +0 cloak (worn)
Jewellery
 j - an amulet of reflection (around neck)
 o - an amulet of the acrobat
 z - a +6 ring of dexterity (left hand)
Wands
 f - a wand of flame (19)
 v - a wand of iceblast (19)
 w - a wand of polymorph (7)
 D - a wand of paralysis (6)
Scrolls
 g - a scroll of acquirement
 r - 2 scrolls of fear
 t - a scroll of blinking
 u - 2 scrolls of teleportation
 x - a scroll of fog
Potions
 d - 2 potions of degeneration {unknown}
 e - a potion of attraction {unknown}
 h - 3 potions of curing
 i - a potion of might
 s - 2 potions of magic
 A - a potion of haste {unknown}


   Skills:
 + Level 1.5 Fighting
 - Level 1.7 Short Blades
 + Level 3.7 Bows
 - Level 1.5 Dodging
 + Level 5.2 Stealth
 - Level 2.7 Spellcasting
 + Level 4.8 Conjurations
 - Level 0.7 Transmutations
 + Level 7.0 Earth Magic


You had 4 spell levels left.
You knew the following spells:

 Your Spells              Type           Power      Damage    Failure   Level
a - Sandblast             Erth           56%        2d13      1%          1
b - Passwall              Tmut/Erth      13%        N/A       12%         2
c - Stone Arrow           Conj/Erth      48%        3d10      10%         3
d - Freeze                Ice            8%         1d3       36%         1
e - Magic Dart            Conj           80%        1d7       5%          1

Your spell library contained the following spells:

 Spells                   Type           Power      Damage    Failure   Level
 Petrify                  Tmut/Erth      16%        N/A       58%         4
 Irradiate                Conj/Tmut      6%         3d15      98%         5
 Sublimation of Blood     Necr           Unusable   N/A       N/A         2

Dungeon Overview and Level Annotations

Branches:
Dungeon (7/15)             Temple (0/1) D:5           Sewer (visited)

Altars:
Ashenzari
Cheibriados
Elyvilon
Fedhas
Makhleb
Qazlal
Sif Muna
Uskayaw
Vehumet
Xom

Shops:
D:5 ?

Annotations:
D:5 1 runed translucent door, Crazy Yiuf


Innate Abilities, Weirdness & Mutations

You are immune to sickness and miasma.
Your stone body is resilient. (AC +5)
You are immune to poison.
You resist negative energy. (rN+)
You are resistant to electric shocks. (rElec)
You are resistant to unholy torment.
You are immune to petrification.


Message History

You hit the gargoyle.
The gargoyle is moderately damaged.
The gargoyle hurls a stone arrow at you.
The stone arrow hits you!
You hit the gargoyle but do no damage.
The gargoyle is moderately damaged.
The gargoyle barely misses you.
You hit the gargoyle but do no damage.
The gargoyle is moderately damaged.
The gargoyle barely misses you.
Okay, then.
Aiming: Throw Flame
Press: ? - help, Shift-Dir - straight line, f/p - gargoyle
Aim: a gargoyle, wielding a +2 morningstar of venom (moderately damaged, 85% to hit)
The puff of flame misses the gargoyle.
The gargoyle barely misses you.
Aiming: Paralyse
Press: ? - help, Shift-Dir - straight line, f/p - gargoyle
Aim: a gargoyle, wielding a +2 morningstar of venom (steam, moderately damaged, chance to affect: 31%)
Okay, then.
Aiming: Polymorph
Press: ? - help, Shift-Dir - straight line, f/p - gargoyle
Aim: a gargoyle, wielding a +2 morningstar of venom (steam, moderately damaged, not susceptible)
Okay, then.
Unknown command.
A red film seems to cover your vision as you go berserk!
You feel yourself moving faster!
You feel mighty!
The gargoyle is engulfed in a cloud of scalding steam.
The gargoyle hits you with a +2 morningstar of venom!
* * * LOW HITPOINT WARNING * * *
You barely miss the gargoyle.
The gargoyle is moderately damaged.
You hit the gargoyle but do no damage.
The gargoyle is moderately damaged.
The gargoyle hurls a stone arrow at you.
The stone arrow hits you.
* * * LOW HITPOINT WARNING * * *
Your unstable footing causes you to fumble your attack.
The gargoyle hurls a stone arrow at you.
The stone arrow hits you!
You die...

#....# #....#
#....# ## #....#
...# ##.#.##
≈≈≈≈≈###..#.#
≈≈≈≈≈≈≈≈.#..#
≈≈≈≈≈≈≈≈≈≈.##
≈≈≈≈≈≈≈≈≈≈≈@#
...≈≈≈≈≈≈≈≈9...#
...#..≈≈≈≈≈§§.(#
........≈§§≈§..#
....#.?....§...#
#.###....§§....#
.. ............#
##..........#


You could see a gargoyle.

Vanquished Creatures
  A necrophage (D:4)
  A phantom (D:5)
  5 kobold brigands
  A bullfrog (D:6)
  A scorpion (D:5)
  A centaur zombie (D:5)
  An orc priest (D:4)
  A hound (D:6)
  A jelly (D:6)
  A centaur skeleton (D:5)
  Ijyb (D:4)
  An iguana (D:5)
  2 orc wizards
  A killer bee zombie (D:7)
  A hound skeleton (D:4)
  11 adders
  A river rat (Sewer)
  A shadow imp (D:5)
  A white imp (D:6)
  An ufetubus (D:5)
  2 adder skeletons
  A worm (D:5)
  A dart slug (D:2)
  14 orcs
  8 ball pythons
  3 bats
  6 endoplasms
  4 giant cockroaches
  4 goblins
  6 hobgoblins
  5 jackals
  17 kobolds
  4 quokkas
  3 frilled lizards
  A quokka skeleton (D:4)
  8 rats
122 creatures vanquished.

Vanquished Creatures (others)
  15 plants
15 creatures vanquished.

Grand Total: 137 creatures vanquished

Notes
Turn   | Place    | Note
-------+----------+-------------------------------------------
     0 | D:1      | hikkokomori the Gargoyle Earth Elementalist began the quest
                  | for the Orb.
     0 | D:1      | Reached XP level 1. HP: 10/10 MP: 3/3
   348 | D:1      | Reached skill level 4 in Earth Magic
   348 | D:1      | Reached XP level 2. HP: 15/15 MP: 3/5
  1082 | D:2      | Found a radiant altar of Vehumet.
  1112 | D:2      | Became a worshipper of Vehumet
  1179 | D:2      | Reached XP level 3. HP: 15/19 MP: 3/6
  1187 | D:2      | Learned a level 2 spell: Passwall
  1191 | D:2      | Learned a level 3 spell: Stone Arrow
  2324 | D:3      | Found a snail-covered altar of Cheibriados.
  2470 | D:3      | Reached skill level 1 in Conjurations
  2732 | D:3      | Reached XP level 4. HP: 24/24 MP: 6/8
  2762 | D:3      | Reached skill level 5 in Earth Magic
  2957 | D:3      | Found a hide-covered altar of Uskayaw.
  3142 | D:3      | Found a broken altar of Ashenzari.
  3385 | D:3      | Reached XP level 5. HP: 28/28 MP: 7/9
  3521 | D:4      | Identified 2 scrolls of acquirement
  3521 | D:4      | Acquired the +8 longbow "Luaciwn" {freeze, Str+5}
  3534 | D:4      | Reached * piety under Vehumet
  3534 | D:4      | Offered knowledge of Freeze by Vehumet.
  3537 | D:4      | Learned a level 1 spell: Freeze
  3574 | D:4      | Found a shimmering blue altar of Sif Muna.
  3585 | D:4      | Noticed Ijyb
  3609 | D:4      | Killed Ijyb
  4111 | D:4      | Found a glowing drain.
  4121 | D:4      | Reached skill level 1 in Bows
  4123 | Sewer    | Entered a sewer
  4217 | Sewer    | Noticed a kobold brigand
  4220 | Sewer    | Killed a kobold brigand
  4221 | Sewer    | Reached XP level 6. HP: 33/33 MP: 7/10
  4502 | Sewer    | Reached skill level 6 in Earth Magic
  4915 | Sewer    | Reached XP level 7. HP: 29/37 MP: 4/11
  5522 | D:4      | Found a stormy altar of Qazlal.
  6015 | D:4      | Found a blossoming altar of Fedhas.
  6191 | D:4      | Found a burning altar of Makhleb.
  6375 | D:5      | Entered Level 5 of the Dungeon
  6378 | D:5      | Found a shimmering altar of Xom.
  6381 | D:5      | Found a white marble altar of Elyvilon.
  6412 | D:5      | Reached skill level 1 in Short Blades
  6873 | D:5      | Identified the +0 mace "Boce" {speed, Dex+3}
  6878 | D:5      | Found a runed translucent door.
  6879 | D:5      | Noticed Crazy Yiuf
  7050 | D:5      | Found Fointeut's Magic Scroll Boutique.
  7161 | D:5      | Found a staircase to the Ecumenical Temple.
  7310 | D:5      | Reached XP level 8. HP: 16/42 MP: 4/12
  8206 | D:6      | Reached skill level 1 in Fighting
  8206 | D:6      | Reached skill level 5 in Stealth
  8840 | D:7      | Reached skill level 7 in Earth Magic
  8868 | D:7      | Offered knowledge of Magic Dart by Vehumet.
  8874 | D:7      | Learned a level 1 spell: Magic Dart
  8888 | D:7      | Noticed a gargoyle
  8902 | D:7      | Killed from afar by a gargoyle

Illustrated notes

Levels and vault maps discovered:
D:1:      minmay_arrival_solitary_statue, layout_basic
D:2:      layout_basic, basic_altar
D:3:      layout_basic, nicolae_uskayaw_dance_hall,
          nicolae_ashenzari_panopticon, mainiacjoe_overflow_tiny_flanked,
          minmay_crystal_room, ebering_dispersal_statue_hall
D:4:      layout_basic, fedhas_altar_1, lightli_temple_of_fire,
          mainiacjoe_overflow_catwalk_spiral, portal_sewer_entry_f, uniq_ijyb
D:5:      nicolae_BIG_FREAKIN_CUBE, layout_loops_corners,
          chequers_temple_overflow_statue_of_worship, serial_shops,
          nicolae_lakefront_shop, serial_bayou, serial_bayou_lake_a,
          serial_bayou_pond_c, serial_bayou_shore_a, serial_bayou_pond_b,
          uniq_crazy_yiuf_cottage
D:6:      layout_loops_ring
D:7:      wander_river, layout_rooms, enter_bailey_3, uniq_joseph

Skill      XL: |  1  2  3  4  5  6  7  8 |
---------------+-------------------------+-----
Earth Magic    | 4 5 6 7 |  7.0
Conjurations   | 1 2 3 4 |  4.8
Bows           | 1 2 3 |  3.7
Stealth        | 3 4 5 |  5.2
Short Blades   | 1 |  1.7
Fighting       | 1 |  1.5
Dodging        | |  1.5
Spellcasting   | |  2.7
Transmutations | |  0.7

Action                   |  1- 3 |  4- 6 |  7- 9 || total
-------------------------+-------+-------+-------++-------
Melee: Unarmed           |     1 |       |       ||     1
       Mace              |    18 |       |    82 ||   100
       Dagger            |       |    97 |   120 ||   217
       Punch             |       |     1 |     1 ||     2
 Fire: Hand crossbow     |       |    11 |     6 ||    17
 Cast: Sandblast         |    48 |    49 |    14 ||   111
       Stone Arrow       |       |       |     4 ||     4
Evoke: Wand              |       |       |     6 ||     6
  Use: Scroll            |       |     6 |     3 ||     9
       Potion            |       |     1 |     2 ||     3
 Stab: Sleeping          |       |     5 |     3 ||     8
Armor: Robe              |    10 |    36 |    10 ||    56
       Ring mail         |       |       |    76 ||    76
Dodge: Dodged            |    20 |    53 |   104 ||   177
Block: Other             |     5 |    24 |    34 ||    63
       Reflection        |     1 |     2 |     1 ||     4
